 Dungeon Crawl Stone Soup version 0.27-a0-773-gaaee5cf45b (webtiles) character file.

Game seed: 8417761622930948795

119 leviel the Skirmisher (level 5, -2/46 HPs)
             Began as a Hill Orc Fighter on Mar 25, 2021.
             Slain by a gnoll
             ... wielding a +0 spear
              (3 damage)
             ... on level 4 of the Dungeon.
             The game lasted 00:08:24 (2373 turns).

leviel the Skirmisher (Hill Orc Fighter)            Turns: 2373, Time: 00:08:24

Health: -2/46      AC:  8    Str: 20    XL:     5   Next: 3%
Magic:  5/5        EV:  7    Int:  8    God:
Gold:   126        SH: 10    Dex: 10    Spells: 4/4 levels left

rFire    . . .     SeeInvis .   b - +0 long sword
rCold    . . .     Faith    .   c - +1 kite shield
rNeg     . . .     Spirit   .   g - +0 scale mail
rPois    .         Reflect  .   (no helmet)
rElec    .         Harm     .   (no cloak)
rCorr    .         Rampage  .   (no gloves)
Will     .....                  l - +0 pair of boots
Stlth    ..........             e - amulet of regeneration
HPRegen  1.15/turn              (no ring)
MPRegen  0.09/turn              (no ring)

@: mighty, lethally poisoned (-2 -> -12)
A: no striking features
a: no special abilities


You were on level 4 of the Dungeon.
You visited 1 branch of the dungeon, and saw 4 of its levels.

You collected 126 gold pieces.

Inventory:

Hand Weapons
 a - a +0 hand crossbow
 b - a +0 long sword (weapon)
Missiles
 h - 24 bolts
Armour
 c - a +1 kite shield (worn)
 g - a +0 scale mail (worn)
 l - a +0 pair of boots (worn)
Jewellery
 e - an amulet of regeneration (around neck)
Scrolls
 i - a scroll of summoning
 j - a scroll of enchant armour
 n - a scroll of identify
Potions
 m - a potion of flight {unknown}
 p - a potion of curing {unknown}


   Skills:
 + Level 4.3 Fighting
 + Level 3.4 Long Blades
 + Level 0.6 Crossbows
 + Level 4.0 Armour
 + Level 0.9 Dodging
 + Level 0.2 Stealth
 + Level 3.8 Shields


You had 4 spell levels left.
You didn't know any spells.
Your spell library contained the following spells:

 Spells                   Type           Power      Damage    Failure   Level
 Confusing Touch          Hex            0%         N/A       100%        3
 Gell's Gravitas          Tloc           0%         N/A       100%        3
 Petrify                  Tmut/Erth      0%         N/A       100%        4
 Metabolic Englaciation   Hex/Ice        0%         N/A       100%        5
 Yara's Violent Unravell  Hex/Tmut       0%         3d3       100%        5


Dungeon Overview and Level Annotations

Branches:
Dungeon (4/15)
 Temple: D:4-7

Altars:
Ashenzari
Nemelex Xobeh
Okawaru
Wu Jian


Message History

You are poisoned.
The gnoll hits you but does no damage.
You have reached level 5!
You feel stronger.
You barely miss the gnoll.
You feel very sick.
The gnoll hits you from afar with a +0 spear.
You block something's attack. You block the gnoll's attack.
The gnoll barely misses you.
You hit the gnoll.
The gnoll is lightly wounded.
You feel sick. Something hits you but does no damage.
You block the gnoll's attack. x2; Something hits you but does no damage.
You are more poisoned.
You closely miss the gnoll.
The gnoll is lightly wounded.
You feel very sick.
You block the gnoll's attack. x2; Something hits you but does no damage.
You are more poisoned.
The gnoll hits you with a +0 flail! The gnoll hits you but does no damage.
You closely miss the gnoll.
The gnoll is lightly wounded.
You feel extremely sick. You block something's attack.
The gnoll hits you with a +0 flail.
The gnoll hits you from afar with a +0 spear.
Something hits you.
You are more poisoned.
The gnoll hits you with a +0 flail.
* * * LOW HITPOINT WARNING * * *
You barely miss the gnoll.
The gnoll is lightly wounded.
* * * LOW HITPOINT WARNING * * *
You feel extremely sick.
The gnoll hits you from afar with a +0 spear.
* * * LOW HITPOINT WARNING * * *
Something hits you but does no damage.
You are lethally poisoned!
You block the gnoll's attack.
The gnoll hits you from afar with a +0 spear.
You die...

#⌠.##+##.⌠# .#...
#.........# ...
.........#####.#
.#.......#...#.######.##
.+..._...+...#(........>
.#.......#...#.#o####.#
.#.........###g#g#
#)..[.....#...g#)#
.⌠.##'##.⌠#..###@#
#.##...####..# #g#
...#...# ..... ...
...#...#.....⌠.⌠.##
##.####....#.._... ...
...####⌠.⌠.. #######
#..... #......


You could see 2 gnolls and an orc.

Vanquished Creatures
  An iguana (D:4)
  A gnoll (D:4)
  3 adders
  A worm (D:4)
  3 dart slugs
  3 orcs
  2 endoplasms (D:1)
  4 giant cockroaches
  8 goblins
  3 hobgoblins
  2 jackals (D:3)
  A kobold (D:1)
  3 quokkas
  3 ball pythons
  4 bats
  2 frilled lizards (D:2)
  A rat (D:3)
45 creatures vanquished.

Vanquished Creatures (others)
  A ghoul (D:1)
  A draconian (D:1)
  2 elves (D:1)
  2 spriggans (D:1)
  2 vampires (D:1)
  A human (D:1)
  A naga (D:1)
  A dwarf (D:1)
  An ogre (D:1)
  12 tentacles (D:1)
24 creatures vanquished.

Grand Total: 69 creatures vanquished

Notes
Turn   | Place    | Note
-------+----------+-------------------------------------------
     0 | D:1      | leviel the Hill Orc Fighter began the quest for the Orb.
     0 | D:1      | Reached XP level 1. HP: 19/19 MP: 1/1
     0 | D:1      | Noticed a spriggan
     0 | D:1      | Noticed a spriggan
     0 | D:1      | Noticed an elf
     0 | D:1      | Noticed a human
     0 | D:1      | Noticed an ogre
     0 | D:1      | Noticed a dwarf
     0 | D:1      | Noticed a naga
     0 | D:1      | Noticed a kraken
     0 | D:1      | Noticed an elf
     0 | D:1      | Noticed a vampire
     0 | D:1      | Noticed a ghoul
     0 | D:1      | Noticed a draconian
     0 | D:1      | Noticed a vampire
     3 | D:1      | Killed a dwarf
     8 | D:1      | Killed a spriggan
    12 | D:1      | Killed a spriggan
    12 | D:1      | Killed an ogre
    13 | D:1      | Killed an elf
    13 | D:1      | Killed a naga
    14 | D:1      | Killed a ghoul
    15 | D:1      | Killed an elf
    17 | D:1      | Killed a human
    17 | D:1      | Killed a vampire
    21 | D:1      | Killed a vampire
    24 | D:1      | Killed a draconian
   212 | D:1      | Reached XP level 2. HP: 27/27 MP: 2/2
   692 | D:2      | Found an ornate altar of the Wu Jian Council.
   692 | D:2      | Found an iron altar of Okawaru.
   785 | D:2      | Reached XP level 3. HP: 33/33 MP: 3/3
  1603 | D:3      | Reached XP level 4. HP: 32/40 MP: 4/4
  2225 | D:4      | Found a broken altar of Ashenzari.
  2350 | D:4      | Found a sparkling altar of Nemelex Xobeh.
  2369 | D:4      | Reached XP level 5. HP: 44/46 MP: 5/5
  2373 | D:4      | HP: 1/46 [gnoll/+0 spear (2)]
  2373 | D:4      | Slain by a gnoll

Illustrated notes

Levels and vault maps discovered:
D:1:      nicolae_arrival_kraken_aquarium_a, layout_rooms, minmay_distorted
D:2:      layout_loops_ring, gammafunk_temple_overflow_wave
D:3:      layout_basic, minivault_4
D:4:      layout_basic, nemelex_xobeh_ov_fountains_minmay,
          evilmike_ruin_ashenzari, led_sif_pool, sigmund_edmund_badplayer,
          uniq_sigmund

Skill      XL: |  1  2  3  4 |
---------------+-------------+-----
Long Blades    | 3 |  3.4
Fighting       | 4 |  4.3
Armour         | 4 |  4.0
Crossbows      | |  0.6
Dodging        | |  0.9
Stealth        | |  0.2
Shields        | |  3.8

Action                   |  1- 3 |  4- 6 || total
-------------------------+-------+-------++-------
Melee: Long sword        |    88 |    51 ||   139
 Fire: Hand crossbow     |     8 |     7 ||    15
  Use: Scroll            |     3 |     4 ||     7
       Potion            |     2 |     1 ||     3
Armor: Scale mail        |    45 |    23 ||    68
Dodge: Dodged            |    33 |    19 ||    52
Block: Kite shield       |    52 |    42 ||    94
       Rpst.: Long sword |    10 |     3 ||    13

Table legend: (Time is in decaauts)
 A = Elapsed time spent in this place.
 B = Non-inter-level travel time spent in this place.
 C = Inter-level travel time spent in this place.
 D = Time resting spent in this place.
 E = Time spent auto-exploring this place.
 F = Levels seen in this place.
 G = Mean time per level.
                   A        B        C        D        E       F      G
               +--------+--------+--------+--------+--------+-----+--------+
         Total |   2444 |   2311 |    133 |    118 |   1762 |   4 |  611.0 |
       Dungeon |   2444 |   2311 |    133 |    118 |   1762 |   4 |  611.0 |
               +--------+--------+--------+--------+--------+-----+--------+

Top non-repeatable levels by time:
     D:2: 791 daAuts
     D:3: 775 daAuts
     D:1: 684 daAuts
     D:4: 192 daAuts
